 Dungeon Crawl Stone Soup version 0.28.0-53-g5a82cb258f (webtiles) character file.

Game seed: 4797058660324679412

396 Zeld the Magician (level 6, -2/32 HPs)
             Began as a Deep Elf Conjurer on June 3, 2022.
             Killed from afar by Ijyb (34 damage)
             ... with a bolt of acid
             ... on level 3 of the Dungeon.
             The game lasted 00:05:32 (5404 turns).

Zeld the Magician (Deep Elf Conjurer)               Turns: 5404, Time: 00:05:32

Health: -2/32      AC:  4    Str:  4    XL:     6   Next: 52%
Magic:  11/18      EV: 12    Int: 25    God:
Gold:   158        SH:  0    Dex: 13    Spells: 8/19 levels left

rFire   . . .      SeeInvis .   (no weapon)
rCold   . . .      Faith    .   (no shield)
rNeg    . . .      Spirit   .   a - +0 robe
rPois   .          Reflect  .   n - +0 helmet
rElec   .          Harm     .   c - +0 cloak
rCorr   .          Rampage  .   (no gloves)
Will    .....                   (no boots)
Stlth   ++........              (no amulet)
HPRegen 0.10/turn               (no ring)
MPRegen 0.16/turn               (no ring)

@: no status effects
A: no striking features
a: no special abilities


You were on level 3 of the Dungeon.
You visited 1 branch of the dungeon, and saw 4 of its levels.

You collected 158 gold pieces.

Inventory:

Armour
 a - a +0 robe (worn)
 c - a +0 cloak (worn)
 n - a +0 helmet (worn)
Scrolls
 f - a scroll of enchant weapon {unknown}
 g - a scroll of vulnerability {unknown}
 h - a scroll of blinking {unknown}
 k - 3 scrolls of identify {unknown}
 m - 2 scrolls of fog {unknown}
 o - a scroll of brand weapon {unknown}
 q - a scroll of holy word {unknown}
 r - a scroll of fear {unknown}
Potions
 b - a potion of magic {unknown}
 d - 2 potions of flight {unknown}
 e - 2 potions of curing {unknown}
 i - a potion of cancellation {unknown}
 j - a potion of attraction {unknown}
 l - 2 potions of degeneration {unknown}
 p - a potion of berserk rage {unknown}


   Skills:
 - Level 2.4 Dodging
 - Level 2.4 Stealth
 * Level 7.3 Spellcasting
 + Level 5.8 Conjurations
 - Level 2.0 Hexes
 - Level 2.0 Translocations


You had 8 spell levels left.
You knew the following spells:

 Your Spells              Type           Power      Damage    Failure   Level
a - Magic Dart            Conj           100%       1d8       1%          1
b - Searing Ray           Conj           76%        2d7       1%          2
c - Fulminant Prism       Conj/Hex       14%        3d9       13%         4
d - Iskenderun's Mystic   Conj/Tloc      28%        2d7       13%         4

Your spell library contained the following spells:

 Spells                   Type           Power      Damage    Failure   Level
 Dazzling Flash           Conj/Hex       56%        N/A       3%          3
 Ensorcelled Hibernation  Hex/Ice        28%        N/A       7%          2
 Confusing Touch          Hex            19%        N/A       9%          3
 Sublimation of Blood     Necr           9%         N/A       10%         2
 Wereblood                Tmut           9%         N/A       10%         2
 Spider Form              Tmut/Pois      9%         N/A       21%         3
 Anguish                  Hex/Necr       7%         N/A       41%         4
 Yara's Violent Unravell  Hex/Tmut       7%         3d5       77%         5
 Starburst                Conj/Fire      11%        6d5       96%         6
 Enfeeble                 Hex            9%         N/A       100%        7
 Summon Hydra             Summ           4%         N/A       100%        7


Dungeon Overview and Level Annotations

Branches:
Dungeon (4/15)
 Temple: D:4-7

Altars:
Dithmenos
Nemelex Xobeh

Shops:
D:3 :

Annotations:
D:3 Ijyb


Message History

Things that are here:
23 stones; 10 gold pieces
There is a stone staircase leading up here.
You climb upwards.
Level annotation: Ijyb
There is a stone staircase leading down here.
You start resting.
HP restored.
You start resting.
Magic restored.
Ijyb is nearby!
Ijyb is nearby!
Ijyb is nearby!
Ijyb shouts!
You start waiting.
Ijyb is nearby!
Casting: Searing Ray (safe; 1% risk of failure)
Confirm with . or Enter, or press ? or * to list all spells.
The spell is quite dangerous to miscast (13% risk of failure)!
Continue anyway?
Aiming: Fulminant Prism (quite dangerous; 13% risk of failure)
Press: ? - help, Dir - move target You conjure a prism of explosive energy!
A fulminant prism comes into view.
Casting: Fulminant Prism (quite dangerous; 13% risk of failure)
Confirm with . or Enter, or press ? or * to list all spells.
Aiming: Searing Ray (safe; 1% risk of failure)
Press: ? - help, Shift-Dir - straight line, f - fulminant prism
Aim: a fulminant prism (friendly, 100% to hit)
Really fire at your fulminant prism?
Okay, then.
Casting: Searing Ray (safe; 1% risk of failure)
Confirm with . or Enter, or press ? or * to list all spells.
Aiming: Searing Ray (safe; 1% risk of failure)
Press: ? - help, Shift-Dir - straight line, p - fulminant prism (Press . to maintain the ray.) Ijyb screams, "Me stronger than you!"
Your fulminant prism crackles loudly.
The searing ray misses Ijyb.
Ijyb zaps a wand.
The bolt of acid hits you!!
Ouch! That really hurt!
You die...

#...#.# #.#....# #.# #.###.#
#.####.####.# #.#
#.#######.###.....>.. #########<#
#..............####.# #.8.∩.<.8.#
#########.####.# #..# ..#######.#
#.# #(# #.## .## ##.########
##.####.# #.## .# #.........#
#.....#.# #.#. .# #..######@#
##.##.#.###.#. .#######..## #.#
####.#....... ....÷..#...## #g#
####.#..##.#.
.#####.#..#.####.####............
.# #.#.###...*......g..........
.# #..## ##.........##.....####
.# #.#.###.###.##########.##
.#####.#..#..# #.# ###
.......#.#.### #.#


You could see Ijyb (ally target) and a friendly fulminant prism.

Vanquished Creatures
  A black bear (D:4)
  A howler monkey (D:4)
  A jelly (D:4)
  A centaur skeleton (D:4)
  2 iguanas
  6 adders
  2 adder skeletons (D:4)
  2 dart slugs (D:1)
  2 orcs (D:3)
  10 endoplasms
  5 giant cockroaches
  11 goblins
  8 hobgoblins
  4 jackals
  3 kobolds
  4 quokkas
  8 ball pythons
  7 bats
  2 frilled lizards
  6 rats
86 creatures vanquished.

Vanquished Creatures (others)
  A fulminant prism (D:3)
  2 plants (D:1)
3 creatures vanquished.

Grand Total: 89 creatures vanquished

Notes
Turn   | Place    | Note
-------+----------+-------------------------------------------
     0 | D:1      | Zeld the Deep Elf Conjurer began the quest for the Orb.
     0 | D:1      | Reached XP level 1. HP: 10/10 MP: 6/6
    89 | D:1      | Reached skill level 1 in Hexes
   257 | D:1      | Reached XP level 2. HP: 15/15 MP: 6/8
   262 | D:1      | Learned a level 2 spell: Searing Ray
   306 | D:1      | Reached skill level 1 in Translocations
   688 | D:1      | Found a faded altar of an unknown god.
   938 | D:1      | Reached XP level 3. HP: 16/19 MP: 6/10
  1745 | D:2      | Reached skill level 4 in Spellcasting
  2138 | D:2      | Reached XP level 4. HP: 24/24 MP: 8/12
  2143 | D:2      | Learned a level 4 spell: Fulminant Prism
  2148 | D:2      | Learned a level 4 spell: Iskenderun's Mystic Blast
  2753 | D:3      | Reached skill level 5 in Spellcasting
  2839 | D:3      | Found a sparkling altar of Nemelex Xobeh.
  2874 | D:3      | Noticed Ijyb
  3396 | D:3      | Reached skill level 5 in Conjurations
  3563 | D:3      | Found Vifitaak's Book Shoppe.
  3946 | D:3      | Reached XP level 5. HP: 28/28 MP: 11/14
  4327 | D:4      | Noticed a black bear
  4421 | D:4      | Killed a black bear
  4422 | D:4      | Reached skill level 6 in Spellcasting
  4802 | D:4      | Reached XP level 6. HP: 30/32 MP: 8/17
  5052 | D:4      | Found a shadowy altar of Dithmenos.
  5160 | D:4      | Reached skill level 7 in Spellcasting
  5404 | D:3      | Killed from afar by Ijyb

Illustrated notes

Levels and vault maps discovered:
D:1:      tarquinn_simple_flora_water_c, layout_rooms,
          nicolae_ecumenical_snake_handling, minivault_11, minmay_pentomino_w4
D:2:      layout_loops_ring, minmay_misc_feat_secret_circle,
          kennysheep_generic_room_16
D:3:      kennysheep_the_goblin_king, layout_loops_ring,
          nemelex_diamond_rough_becter, serial_shops, shop_statue
D:4:      layout_layer_cave, grunt_dithmenos_smoke_and_mirrors,
          minmay_temple_entry_glass

Skill      XL: |  1  2  3  4  5  6 |
---------------+-------------------+-----
Hexes          | 1 2 |  2.0
Translocations | 1 2 |  2.0
Spellcasting   | 4 5 6 7 |  7.3
Conjurations   | 5 |  5.8
Dodging        | |  2.4
Stealth        | |  2.4

Action                   |  1- 3 |  4- 6 || total
-------------------------+-------+-------++-------
Melee: Unarmed           |     5 |    20 ||    25
 Cast: Magic Dart        |    29 |    17 ||    46
       Searing Ray       |    29 |    36 ||    65
       Fulminant Prism   |       |     2 ||     2
 Stab: Sleeping          |       |     1 ||     1
Armor: Robe              |     5 |    22 ||    27
Dodge: Dodged            |    25 |    38 ||    63
